 Dungeon Crawl Stone Soup version 0.29.1-15-g9cfb28693d (webtiles) character file.

Game seed: 7476173685442574169

1011 protoss039 the Digger (level 8, 61/61 HPs)
             Began as a Demonspawn Earth Elementalist on Mar 9, 2023.
             Got out of the dungeon alive.
             The game lasted 00:04:52 (5204 turns).

protoss039 the Digger (DsEE)                        Turns: 5204, Time: 00:04:53

Health: 61/61      AC:  4    Str: 16    XL:     8   Next: 1%
Magic:  15/15      EV: 13    Int: 18    God:
Gold:   131        SH:  0    Dex: 13    Spells: 10/16 levels left

rFire   . . .      SeeInvis +   f - +0 dagger
rCold   . . .      Faith    .   (no shield)
rNeg    . . .      Spirit   .   e - +0 leather armour
rPois   .          Reflect  .   (no helmet)
rElec   .          Harm     .   w - +0 cloak {Will+}
rCorr   .          Rampage  .   (no gloves)
Will    +....                   (no boots)
Stlth   ++........              (no amulet)
HPRegen 0.20/turn               C - +6 ring of strength
MPRegen 0.14/turn               a - ring of see invisible

@: no status effects
A: claws 1, repulsion field 1, ignite blood 1, powered by pain 1
a: no special abilities


You escaped.
You visited 1 branch of the dungeon, and saw 5 of its levels.

You collected 183 gold pieces.
You spent 52 gold pieces at shops.

Inventory:

Hand Weapons
 f - a +0 dagger (weapon)
Armour
 e - a +0 leather armour (worn)
 w - a +0 cloak of willpower (worn)
Jewellery
 a - a ring of see invisible (right claw)
 t - a ring of positive energy
 y - a +4 ring of evasion
 C - a +6 ring of strength (left claw)
Wands
 z - a wand of mindburst (13)
Scrolls
 d - 2 scrolls of identify
 g - 2 scrolls of blinking
 h - 3 scrolls of teleportation
 j - a scroll of poison {unknown}
 k - a scroll of noise {unknown}
 m - a scroll of silence {unknown}
 p - 2 scrolls of enchant armour {unknown}
 s - 5 scrolls of enchant weapon
 u - a scroll of amnesia {unknown}
 x - a scroll of butterflies {unknown}
 B - a scroll of immolation {unknown}
Potions
 b - a potion of magic
 c - a potion of flight {unknown}
 i - 4 potions of curing
 l - 2 potions of heal wounds {unknown}
 n - a potion of ambrosia {unknown}
 o - a potion of haste {unknown}
 q - a potion of brilliance {unknown}
 r - a potion of cancellation {unknown}
 v - a potion of degeneration {unknown}
 A - a potion of berserk rage {unknown}


   Skills:
 + Level 4.8 Fighting
 + Level 1.7 Armour
 - Level 1.7 Dodging
 - Level 1.7 Stealth
 + Level 4.9 Spellcasting
 + Level 1.9 Conjurations
 - Level 0.8 Transmutations
 + Level 5.3 Earth Magic


You had 10 spell levels left.
You knew the following spells:

 Your Spells              Type           Power      Damage    Failure   Level
a - Sandblast             Erth           46%        2d11      1%          1
b - Passwall              Tmut/Erth      12%        N/A       7%          2
c - Stone Arrow           Conj/Erth      34%        3d9       11%         3

Your spell library contained the following spells:

 Spells                   Type           Power      Damage    Failure   Level
 Petrify                  Tmut/Erth      15%        N/A       43%         4
 Tukima's Dance           Hex            4%         N/A       45%         3
 Passage of Golubria      Tloc           4%         N/A       86%         4
 Yara's Violent Unravell  Hex/Tmut       3%         3d4       98%         5


Dungeon Overview and Level Annotations

Branches:
Dungeon (5/15) Zot: 24735  Temple (0/1) D:5

Altars:
Cheibriados
Yredelemnul

Shops:
D:4 ?


Innate Abilities, Weirdness & Mutations

You have sharp fingernails.
You are surrounded by a mild repulsion field. (EV +2)
Your demonic aura sometimes causes spilled blood to erupt in flames.
You sometimes gain a little power by taking damage.


Message History

The hound bites you. x2
Unknown command.
Casting: Sandblast (safe; 1% risk of failure)
Confirm with . or Enter, or press ? or * to list all spells.
Aiming: Sandblast (safe; 1% risk of failure)
Press: ? - help, Shift-Dir - straight line, f/p - hound
Aim: a hound (heavily wounded, 76% to hit)
The blast of sand hits the hound!
You kill the hound!
You have reached level 8!
You feel stronger.
Your demonic ancestry asserts itself...
You feel energised by your suffering.
No target in view!
Unknown command.
Unknown command.
You see here a scorpion corpse.
There is an open door here.
There is a stone staircase leading up here.
You climb upwards.
There is a stone staircase leading down here.
(D) Dungeon (T) Temple
Where to? (Enter - D:5 @ (x,y), ? - help)
What level of the Dungeon? (default 1, ? - help)
You see here 5 stones.
There is a stone staircase leading up here.
Things that are here:
a +0 robe; a +0 scythe You climb upwards.
There is a stone staircase leading down here.
There is a stone staircase leading up here.
You climb upwards.
There is a stone staircase leading down here.
There is a stone staircase leading up here.
You climb upwards.
There is a stone staircase leading down here.
Magic restored.
HP restored.
There is a staircase leading out of the dungeon here.
Are you sure you want to leave the Dungeon?
This will make you lose the game!
You have escaped!

......##..##..# #.....####......
......###....## ##....#.........
.......##...## #....#.#.#.....
.......##...# #......#.#.....
.......##...### #....###.###.#.
......###.....### #....#.....#.#.
......# ###.....# #....#######...
..##### ##....###....~≈≈≈≈≈~...
....#### ##...@##....#######...
.##....## ###....###...#.....#...
.##.....###......# #...###.###...
.#####.........### #...).#.#.....
..####.......### #.....#.#...#.
.....#......########...........#.
.....#..##..# #.........#......##
.....#..##..# #...........###.).#
.....#......# #...........###...#


There were no monsters in sight!

Vanquished Creatures
  Sigmund (D:4)
  An ice beast (D:5)
  A black bear (D:5)
  An ogre (D:4)
  A phantom (D:5)
  2 scorpions (D:5)
  A jelly (D:5)
  An orc priest (D:4)
  2 hounds
  5 iguanas
  7 adders
  A white imp (D:5)
  A worm (D:4)
  4 dart slugs
  4 orcs (D:4)
  8 ball pythons
  9 bats
  5 endoplasms
  3 giant cockroaches
  5 goblins
  5 hobgoblins
  2 jackals (D:4)
  3 quokkas
  2 frilled lizards (D:1)
  2 kobolds
  A rat (D:1)
78 creatures vanquished.

Notes
Turn   | Place    | Note
-------+----------+-------------------------------------------
     0 | D:1      | protoss039 the Demonspawn Earth Elementalist began the
                  | quest for the Orb.
     0 | D:1      | Reached XP level 1. HP: 13/13 MP: 3/3
   119 | D:1      | Gained mutation: You have sharp fingernails. [demonic
                  | ancestry]
   119 | D:1      | Reached XP level 2. HP: 20/20 MP: 0/5
   287 | D:1      | Reached skill level 1 in Fighting
   453 | D:1      | Reached skill level 3 in Earth Magic
  1132 | D:1      | Learned a level 2 spell: Passwall
  1133 | D:2      | Found a faded altar of an unknown god.
  1138 | D:2      | Gained mutation: Your demonic aura sometimes causes spilled
                  | blood to erupt in flames. [demonic ancestry]
  1138 | D:2      | Reached XP level 3. HP: 26/26 MP: 2/6
  1700 | D:2      | Reached XP level 4. HP: 30/33 MP: 3/8
  1968 | D:2      | Learned a level 3 spell: Stone Arrow
  3065 | D:4      | Gained mutation: You are surrounded by a mild repulsion
                  | field. (EV +2) [demonic ancestry]
  3065 | D:4      | Reached XP level 5. HP: 39/39 MP: 6/9
  3152 | D:4      | Identified the +1 ring mail "Xiocioc" {Harm Fly}
  3373 | D:4      | Found a basalt altar of Yredelemnul.
  3377 | D:4      | Found Bug Egue's Magic Scroll Emporium.
  3385 | D:4      | Bought a scroll of identify for 26 gold pieces
  3385 | D:4      | Bought a scroll of identify for 26 gold pieces
  3392 | D:4      | Found a snail-covered altar of Cheibriados.
  3412 | D:4      | Noticed an ogre
  3431 | D:4      | Killed an ogre
  3432 | D:4      | Reached skill level 4 in Earth Magic
  3432 | D:4      | Reached XP level 6. HP: 18/47 MP: 4/11
  3769 | D:4      | Noticed Sigmund
  3778 | D:4      | Killed Sigmund
  3986 | D:5      | Entered Level 5 of the Dungeon
  3994 | D:5      | Reached XP level 7. HP: 47/54 MP: 5/13
  4472 | D:5      | Found a staircase to the Ecumenical Temple.
  4743 | D:5      | Reached skill level 1 in Armour
  4743 | D:5      | Reached skill level 1 in Conjurations
  4743 | D:5      | Reached skill level 5 in Earth Magic
  5103 | D:5      | Gained mutation: You sometimes gain a little power by
                  | taking damage. [demonic ancestry]
  5103 | D:5      | Reached XP level 8. HP: 42/61 MP: 6/15
  5204 | D:$      | Got out of the dungeon alive.

Illustrated notes

Levels and vault maps discovered:
D:1:      amcnicky_arrival_wind_blow, layout_basic, grunt_decor_cap
D:2:      layout_rooms, ebering_ecumenical_altar_rust, dk_noncrumbling_3,
          minmay_misc_feat_four_crosses, serial_bayou_pond_d
D:3:      layout_basic, nicolae_kite_square_tiling_tiny
D:4:      layout_rooms, grunt_temple_overflow_open, serial_shops, shop,
          uniq_sigmund
D:5:      layout_basic, minmay_temple_entry_statues_fountains

Skill      XL: |  1  2  3  4  5  6  7 |
---------------+----------------------+-----
Fighting       | 1 2 3 4 |  4.8
Earth Magic    | 3 4 5 |  5.3
Spellcasting   | 3 4 |  4.9
Armour         | 1 |  1.7
Conjurations   | 1 |  1.9
Dodging        | |  1.7
Stealth        | |  1.7
Transmutations | |  0.8

Action                   |  1- 3 |  4- 6 |  7- 9 || total
-------------------------+-------+-------+-------++-------
Melee: Dagger            |    14 |    10 |    15 ||    39
 Cast: Sandblast         |    49 |    58 |    14 ||   121
       Stone Arrow       |       |     2 |    17 ||    19
  Use: Scroll            |       |     4 |       ||     4
 Stab: Sleeping          |       |     1 |       ||     1
Armor: Leather armour    |     6 |    14 |     4 ||    24
Dodge: Dodged            |    23 |    34 |    20 ||    77
